 Dungeon Crawl Stone Soup version 0.26.0-11-g8f856b5395 (webtiles) character file.

Game seed: 10180801679971147504

199 runemasterragnar the Skirmisher (level 5, -6/54 HPs)
             Began as an Ogre Arcane Marksman on Jan 15, 2021.
             Mangled by an ice beast (11 damage)
             ... on level 3 of the Dungeon.
             The game lasted 00:11:02 (4707 turns).

runemasterragnar the Skirmisher (OgAM)              Turns: 4707, Time: 00:11:03

Health: -6/54      AC:  4    Str: 15    XL:     5   Next: 77%
Magic:  8/8        EV: 10    Int: 14    God:
Gold:   219        SH:  0    Dex: 11    Spells: 3/9 levels left

rFire    . . .     SeeInvis .   t - +2 short sword (venom)
rCold    . . .     Faith    .   (no shield)
rNeg     . . .     Spirit   .   e - +1 robe
rPois    .         Reflect  .   (helmet restricted)
rElec    .         Harm     .   (no cloak)
rCorr    .         Rampage  .   (gloves unavailable)
Will     .....                  (boots unavailable)
Stlth    +.........             (no amulet)
HPRegen  0.18/turn              (no ring)
MPRegen  0.11/turn              (no ring)

@: no status effects
A: large, unfitting armour, talons 1, agile 1, tough skin 1
a: no special abilities


You were on level 3 of the Dungeon.
You visited 1 branch of the dungeon, and saw 4 of its levels.

You collected 219 gold pieces.

Inventory:

Hand Weapons
 h - a +0 club
 r - a +1 spear
 t - a +2 short sword of venom (weapon)
Missiles
 b - a poisoned dart (quivered)
 d - 2 throwing nets
 l - 8 boomerangs
Armour
 a - a +0 robe
 e - a +1 robe (worn)
Scrolls
 g - 3 scrolls of identify
 m - a scroll of immolation
 s - a scroll of fog


   Skills:
 * Level 4.3 Fighting
 + Level 2.8 Throwing
 + Level 2.6 Dodging
 + Level 2.5 Spellcasting
 + Level 3.4 Hexes


You had 3 spell levels left.
You knew the following spells:

 Your Spells              Type           Power        Failure   Level
a - Corona                Hex            12%          5%          1
b - Slow                  Hex            11%          9%          2
c - Portal Projectile     Hex/Tloc       12%          32%         3

Your spell library contained the following spells:

 Spells                   Type           Power        Failure   Level
 Inner Flame              Hex/Fire       6%           32%         3
 Cause Fear               Hex            5%           50%         4
 Leda's Liquefaction      Hex/Erth       3%           73%         4


Dungeon Overview and Level Annotations

Branches:
Dungeon (4/15)
 Temple: D:4-7

Altars:
Ru

Annotations:
D:2 1 runed translucent door, Crazy Yiuf
D:3 Grinder, Ijyb
D:4 Pikel


Innate Abilities, Weirdness & Mutations

You are too large for most types of armour.
You have tough skin. (AC +1)
You have sharp toenails.
You are agile. (Dex +2)


Message History

The ice beast stops glowing.
You see here a large rock.
c - a large rock The ice beast hits you.
* * * LOW HITPOINT WARNING * * *
The ice beast freezes you!
* * * LOW HITPOINT WARNING * * *
Throw: large rock
Press: ? - help, Q - select action, (/) - cycle Shift-Dir - straight line, f/p - ice beast
Aim: an ice beast (almost dead)
You throw a large rock.
The large rock completely misses the ice beast.
The ice beast barely misses you.
The ice beast hits you but does no damage.
The ice beast hits you but does no damage.
The ice beast hits you but does no damage.
The ice beast hits you.
* * * LOW HITPOINT WARNING * * *
The ice beast freezes you!
You die...

########### ###
#...<(....#
#...##w..@.....#
#.....Y......#
#.##..####...#
#.....# ...#
####..####...(.
#...(......!.##
#(..<.Y.....
##.####..#.. #.
#


You could see an ice beast and a worm.

Vanquished Creatures
  A lemure (D:4)
  2 orc priests (D:4)
  A bullfrog skeleton (D:4)
  An orc wizard (D:4)
  3 adders
  2 worms (D:2)
  2 dart slugs
  2 leopard geckos (D:4)
  5 orcs
  3 giant cockroaches
  4 goblins
  A hobgoblin (D:1)
  A quokka (D:2)
  A ball python (D:1)
  6 bats
  4 frilled lizards
  9 kobolds
  A rat (D:1)
49 creatures vanquished.

Notes
Turn   | Place    | Note
-------+----------+-------------------------------------------
     0 | D:1      | runemasterragnar the Ogre Arcane Marksman began the quest
                  | for the Orb.
     0 | D:1      | Reached XP level 1. HP: 19/19 MP: 2/2
   465 | D:1      | Reached skill level 2 in Fighting
   465 | D:1      | Reached XP level 2. HP: 28/28 MP: 2/4
  1430 | D:2      | Reached XP level 3. HP: 14/36 MP: 1/5
  1692 | D:2      | Found a runed translucent door.
  1693 | D:2      | Noticed Crazy Yiuf
  2387 | D:2      | Found a sacrificial altar of Ru.
  2509 | D:2      | Reached skill level 3 in Fighting
  3010 | D:3      | Noticed an ice beast
  3154 | D:3      | Reached XP level 4. HP: 45/45 MP: 6/6
  3173 | D:3      | Learned a level 2 spell: Slow
  3177 | D:3      | Learned a level 3 spell: Portal Projectile
  3179 | D:3      | Noticed Grinder
  3427 | D:4      | Reached XP level 5. HP: 39/54 MP: 6/8
  3438 | D:4      | Reached skill level 4 in Fighting
  3598 | D:4      | Noticed a lemure
  3627 | D:4      | Killed a lemure
  3896 | D:4      | Noticed a lemure
  3896 | D:4      | Noticed Pikel
  4014 | D:4      | Noticed a lemure
  4217 | D:3      | Noticed a sky beast
  4251 | D:3      | Noticed Ijyb
  4256 | D:3      | Gained mutation: You are agile. (Dex +2) [potion of
                  | mutation]
  4256 | D:3      | Lost mutation: You are agile. (Dex +2) [potion of mutation]
  4256 | D:3      | Gained mutation: You have sharp toenails. [potion of
                  | mutation]
  4256 | D:3      | Gained mutation: You are agile. (Dex +2) [potion of
                  | mutation]
  4260 | D:3      | HP: 1/54 [something (2)]
  4707 | D:3      | Mangled by an ice beast

Illustrated notes

Levels and vault maps discovered:
D:1:      wander_arrival_desolate, layout_basic, amcnicky_mini_pool_small
D:2:      layout_rooms, nicolae_ru_sacrificial_ziggurat, uniq_crazy_yiuf_cottage
D:3:      layout_loops_ring, chequers_ecumenical_altar_grove, uniq_grinder,
          uniq_ijyb, uniq_terence, uniq_natasha
D:4:      minmay_clustersquares, layout_basic, uniq_pikel

Skill      XL: |  1  2  3  4  5 |
---------------+----------------+-----
Fighting       | 2 3 4 |  4.3
Dodging        | 2 |  2.6
Hexes          | 3 |  3.4
Spellcasting   | 2 |  2.5
Throwing       | |  2.8

Action                   |  1- 3 |  4- 6 || total
-------------------------+-------+-------++-------
Melee: Club              |    20 |       ||    20
       Spear             |    34 |     3 ||    37
       Short sword       |     8 |    37 ||    45
Throw: Dart              |    74 |     7 ||    81
       Large rock        |     7 |    12 ||    19
       Boomerang         |       |     5 ||     5
 Cast: Corona            |    29 |    13 ||    42
       Slow              |       |     3 ||     3
  Use: Scroll            |       |     9 ||     9
       Potion            |       |     6 ||     6
Armor: Robe              |    26 |    17 ||    43
Dodge: Dodged            |    67 |    32 ||    99
